 Dungeon Crawl Stone Soup version 0.31-a0-1447-g87ca8d402b (webtiles) character file.

Game seed: 567574834742468238

431 Arcadio the Sneak (level 6, -3/36 HPs)
             Began as a Deep Elf Conjurer on Dec 27, 2023.
             Was a Priest of Dithmenos.
             Shot with an arrow by a centaur (7 damage)
             ... on level 5 of the Dungeon.
             The game lasted 00:14:00 (4437 turns).

Arcadio the Sneak (Deep Elf Conjurer)               Turns: 4437, Time: 00:14:01

Health: -3/36      AC:  6    Str:  4    XL:     6   Next: 66%
Magic:  6/13       EV: 14    Int: 25    God:    Dithmenos [***...]
Gold:   99         SH:  0    Dex: 13    Spells: 2/11 levels left

rFire   . . .        o - +0 short sword (distort)
rCold   . . .        (no shield)
rNeg    . . .        a - +0 robe
rPois   .            u - +1 helmet {SInv}
rElec   .            d - +0 cloak
rCorr   .            p - +0 pair of gloves
SInv    +            (no boots)
Will    .....        (no amulet)
Stlth   ++++         (no ring)
HPRegen 0.26/turn    (no ring)
MPRegen 0.13/turn

%: no passive effects
@: wreathed by umbra
A: no striking features
a: Renounce Religion, Shadow Step


You were on level 5 of the Dungeon.
You worshipped Dithmenos.
Dithmenos was most pleased with you.
You visited 1 branch of the dungeon, and saw 5 of its levels.

You collected 342 gold pieces.
You spent 243 gold pieces at shops.

Inventory:

Hand Weapons
 e - a +0 dagger
 o - a +0 short sword of distortion (weapon)
 q - the +0 short sword of Oily Expedience {heavy, rElec Str-4 Int+5 Stlth+}
   (You found it on level 2 of the Dungeon)

   Str-4:     It affects your strength (-4).
   Int+5:     It affects your intelligence (+5).
   rElec:     It insulates you from electricity.
   Stlth+:    It makes you more stealthy.
Armour
 a - a +0 robe (worn)
 d - a +0 cloak (worn)
 h - a +0 kite shield
 p - a +0 pair of gloves (worn)
 u - a +1 helmet of see invisible (worn)
Jewellery
 s - a ring of fire
 w - a ring of see invisible
Talismans
 c - a beast talisman
Scrolls
 f - 2 scrolls of teleportation
 g - a scroll of amnesia
 j - a scroll of revelation
 m - a scroll of silence {unknown}
 v - a scroll of fear {unknown}
Potions
 b - 4 potions of magic
 i - a potion of curing
 k - a potion of might
 l - a potion of degeneration {unknown}
 n - 2 potions of heal wounds
 t - a potion of brilliance


   Skills:
 + Level 2.8 Fighting
 + Level 5.1 Dodging
 + Level 5.2 Stealth
 - Level 3.4 Spellcasting
 - Level 4.5 Conjurations
 + Level 1.9 Translocations


You had 2 spell levels left.
You knew the following spells:

 Your Spells              Type           Power      Damage    Failure   Level
a - Magic Dart            Conj           100%       1d8       1%          1
b - Searing Ray           Conj           54%        2d6       2%          2
c - Fulminant Prism       Conj/Alch      7%         3d7       36%         4
d - Blink                 Tloc           28%        N/A       7%          2

Your spell library contained the following spells:

 Spells                   Type           Power      Damage    Failure   Level
 Apportation              Tloc           28%        N/A       4%          1
 Jinxbite                 Hex            8%         N/A       14%         2
 Iskenderun's Mystic Bla  Conj/Tloc      20%        2d6       26%         4
 Summon Ice Beast         Ice/Summ       4%         N/A       28%         3
 Alistair's Intoxication  Alch           2%         N/A       95%         5
 Summon Mana Viper        Hex/Summ       4%         N/A       95%         5
 Dispersal                Tloc           7%         N/A       100%        6
 Eringya's Noxious Bog    Alch           2%         4d6       100%        6
 Monstrous Menagerie      Summ           2%         N/A       100%        7


Dungeon Overview and Level Annotations

Branches:
Dungeon (5/15) Zot: 25560
 Temple: D:4-7

Altars:
Ashenzari
Dithmenos
Elyvilon
Fedhas
Trog

Shops:
D:2 [   D:4 !

Annotations:
D:3 1 transporter, bmj180's ghost, novice HuCj
D:5 Duvessa


Message History

The centaur kicks the bush but does no damage.
The centaur wields a +0 shortbow.
The centaur shoots an arrow.
The arrow barely misses you.
The centaur shoots an arrow.
The arrow hits you!
Casting: Searing Ray (safe; 2% risk of failure)
Confirm with . or Enter, or press ? or * to list all spells.
Aiming: Searing Ray (safe; 2% risk of failure)
Press: ? - help, Shift-Dir - straight line, f - centaur
Aim: a centaur, wielding a +0 shortbow (umbra, 87% to hit)
The searing ray misses the centaur. (Press . to maintain the ray.)
The centaur shoots an arrow.
The arrow hits you!
The searing ray hits the centaur!
The centaur is heavily wounded.
The centaur shoots an arrow.
The arrow closely misses you.
The centaur shoots an arrow.
The arrow hits you.
The searing ray hits the centaur!
The centaur is severely wounded.
The centaur unwields a +0 shortbow.
The centaur hits the bush but does no damage.
The centaur kicks the bush but does no damage.
The searing ray hits the centaur.
The centaur is almost dead.
You finish channelling your searing ray.
The centaur wields a +0 shortbow.
The centaur shoots an arrow.
The arrow barely misses you.
The centaur shoots an arrow.
The arrow closely misses you.
The centaur shoots an arrow.
The arrow hits you but does no damage.
Casting: Searing Ray (safe; 2% risk of failure)
Confirm with . or Enter, or press ? or * to list all spells.
Aiming: Searing Ray (safe; 2% risk of failure)
Press: ? - help, Shift-Dir - straight line, f/p - centaur
Aim: a centaur, wielding a +0 shortbow (almost dead, umbra, 87% to hit)
The searing ray hits the centaur.
The centaur is almost dead. (Press . to maintain the ray.)
The centaur shoots an arrow.
The arrow hits you.
* * * LOW HITPOINT WARNING * * *
The centaur shoots an arrow.
The arrow hits you!
You die...

##.....##..... .##### .....
#.........#####......#.. ....)
###.##........PPP.#..... ###...
###........PP........## .##...
#.......#.PP_PP.#..... ......
##(.......PPPcP......###......
#..........PPPP.......#..#....
#......................#.#...#
###....##....#@##...<.......#.#
#..................>.....#..#.#
#.......................###...#
#..............................
###............................
##.....^..................##..
#....><...................#...
#..##...#.....................
#..##...#............>........


You could see a centaur.

Vanquished Creatures
  Menkaure (D:5)
  A bombardier beetle (D:5)
  2 hounds
  Crazy Yiuf (D:2)
  An orc wizard (D:5)
  Terence (D:3)
  4 adders
  2 worms
  A dart slug (D:1)
  10 orcs
  7 ball pythons
  5 bats
  4 endoplasms
  2 giant cockroaches (D:1)
  12 goblins
  7 hobgoblins
  2 quokkas (D:1)
  2 frilled lizards
  7 kobolds
  5 rats
77 creatures vanquished.

Notes
Turn   | Place    | Note
-------+----------+-------------------------------------------
     0 | D:1      | Arcadio the Deep Elf Conjurer began the quest for the Orb.
     0 | D:1      | Reached XP level 1. HP: 10/10 MP: 6/6
   103 | D:1      | Found a faded altar of an unknown god.
   110 | D:1      | Prayed at the altar of an unknown god.
   110 | D:1      | Became a worshipper of Dithmenos the Shadowed
   110 | D:1      | Reached * piety under Dithmenos
   223 | D:1      | Reached XP level 2. HP: 15/15 MP: 4/8
   988 | D:2      | Reached XP level 3. HP: 20/20 MP: 9/9
  1046 | D:2      | Reached skill level 1 in Fighting
  1067 | D:2      | Reached ** piety under Dithmenos
  1115 | D:2      | Found Xomurchupni's Antique Armour Shop.
  1280 | D:2      | Learned a level 2 spell: Searing Ray
  1632 | D:2      | Identified the +0 short sword of Oily Expedience {heavy,
                  | rElec Str-4 Int+5 Stlth+}
  1633 | D:2      | You fall into a shaft and drop 1 floor!
  1768 | D:3      | Found a bloodstained altar of Trog.
  1783 | D:3      | Reached XP level 4. HP: 25/25 MP: 11/11
  2063 | D:3      | Noticed Terence
  2274 | D:3      | Killed Terence
  2473 | D:2      | Found a runed translucent door.
  2476 | D:2      | Noticed Crazy Yiuf
  2550 | D:2      | Killed Crazy Yiuf
  2725 | D:3      | Found a broken altar of Ashenzari.
  2775 | D:3      | Found a transporter.
  2777 | D:3      | Noticed an ogre
  2777 | D:3      | Noticed bmj180's ghost (novice HuCj)
  2779 | D:3      | Noticed an ogre
  2803 | D:3      | Noticed an ogre
  3027 | D:4      | Reached XP level 5. HP: 18/30 MP: 12/12
  3032 | D:4      | Learned a level 4 spell: Fulminant Prism
  3245 | D:4      | Found a white marble altar of Elyvilon.
  3384 | D:4      | Found Icatuen's Distillery.
  3406 | D:4      | Bought a potion of brilliance for 48 gold pieces
  3705 | D:2      | Bought a glowing helmet for 195 gold pieces
  3941 | D:5      | Entered Level 5 of the Dungeon
  3941 | D:5      | Noticed a centaur
  3941 | D:5      | Found a blossoming altar of Fedhas.
  3944 | D:5      | Got the Encyclopedia of Chrysopoeia and the Map
  3950 | D:5      | Learned a level 2 spell: Blink
  4031 | D:5      | Reached skill level 1 in Translocations
  4031 | D:5      | Reached XP level 6. HP: 27/36 MP: 5/13
  4150 | D:5      | Reached *** piety under Dithmenos
  4251 | D:5      | Noticed Duvessa
  4321 | D:5      | Noticed Menkaure
  4333 | D:5      | Killed Menkaure
  4334 | D:5      | Reached skill level 5 in Dodging
  4334 | D:5      | Reached skill level 5 in Stealth
  4437 | D:5      | Shot with an arrow by a centaur

Illustrated notes

Levels and vault maps discovered:
D:1:      minmay_arrival_four_loops, layout_loops_cross,
          chequers_ecumenical_altar_simple
D:2:      layout_basic, serial_shops, shop_statue, minmay_3d_cube,
          uniq_crazy_yiuf_cottage
D:3:      minmay_evil_eye, layout_loops_ring, bloody_trog,
          mainiacjoe_overflow_alcove_2, gammafunk_ghost_smash,
          minmay_misc_feat_nine_boxes, minivault_26, chequers_decorated_corner,
          uniq_terence
D:4:      layout_gridville, elyvilon_altar_1, serial_shops, shop,
          minmay_misc_feat_secret_circle, hangedman_decor_lopped,
          bh_walls_and_bars
D:5:      layout_cave_pools, fedhas_bush_and_centaur_altar,
          jmf_multi_god_temple2, eino_small_chamber_without_monster,
          kennysheep_dice, uniq_duvessa, uniq_menkaure

Skill      XL: |  1  2  3  4  5  6 |
---------------+-------------------+-----
Dodging        | 3 4 5 |  5.1
Stealth        | 3 4 5 |  5.2
Fighting       | 1 2 |  2.8
Translocations | 1 |  1.9
Spellcasting   | |  3.4
Conjurations   | |  4.5

Action                     |  1- 3 |  4- 6 || total
---------------------------+-------+-------++-------
  Melee: Dagger            |    82 |    23 ||   105
         Short sword       |       |    49 ||    49
         Punch             |       |     1 ||     1
   Cast: Magic Dart        |    36 |    16 ||    52
         Searing Ray       |       |    13 ||    13
Ability: Begin Untransform |       |     1 ||     1
    Use: Scroll            |       |     7 ||     7
   Stab: Sleeping          |     7 |     7 ||    14
         Distracted        |     1 |       ||     1
 Armour: Robe              |    28 |    38 ||    66
  Dodge: Dodged            |    58 |    58 ||   116
   Form: Beast             |     1 |       ||     1

Table legend: (Time is in decaauts)
 A = Elapsed time spent in this place.
 B = Non-inter-level travel time spent in this place.
 C = Inter-level travel time spent in this place.
 D = Time resting spent in this place.
 E = Time spent auto-exploring this place.
 F = Levels seen in this place.
 G = Mean time per level.
                   A        B        C        D        E       F      G
               +--------+--------+--------+--------+--------+-----+--------+
         Total |   4438 |   4159 |    279 |     57 |   3122 |   5 |  887.6 |
       Dungeon |   4438 |   4159 |    279 |     57 |   3122 |   5 |  887.6 |
               +--------+--------+--------+--------+--------+-----+--------+

Top non-repeatable levels by time:
     D:3: 1127 daAuts
     D:2: 1058 daAuts
     D:1: 957 daAuts
     D:4: 799 daAuts
     D:5: 495 daAuts
